PUBAA
CASTLETON-ON-HUDSON TURBINES @ LAKELAND RUSTLERS
08/28/1972
 
TOP OF THE 1ST
Castleton-on-Hudson Turbines batting - Pitching for Lakeland Rustlers : LHP Patrick Tucker
Pitching: LHP Patrick Tucker
Batting: RHB Fred Lynch 0-0: Ball
1-0: Called Strike
1-1: Called Strike
1-2: Ground out 6-3 (Groundball, 6, EV 98.8 MPH)
Batting: SHB Jimmy Rosario 0-0: Called Strike
0-1: Foul Ball, location: 5DF
0-2: SINGLE (Groundball, 56, EV 105.0 MPH) (infield hit)
Batting: RHB Norberto Cruz 0-0: Ball
1-0: Called Strike
1-1: Called Strike
1-2: Grounds into double play, 4-6-3 (Groundball, 4, EV 86.3 MPH)
Top of the 1st over - 0 runs, 1 hit, 0 errors, 0 left on base; Castleton-on-Hudson 0 - Lakeland 0
BOTTOM OF THE 1ST
Lakeland Rustlers batting - Pitching for Castleton-on-Hudson Turbines : LHP Jorge Maldonado
Pitching: LHP Jorge Maldonado
Batting: SHB Joe Lovitto 0-0: Bunted foul
0-1: DOUBLE (Flyball, 89XD, EV 98.1 MPH)
Batting: RHB Al Sullivan 0-0: Ball
1-0: Foul Ball, location: 2F
1-1: Ground out 5-3 (Groundball, 56, EV 103.8 MPH)
Joe Lovitto to third
Batting: RHB Steve Davidson 0-0: Called Strike
0-1: Foul Ball, location: 2F
0-2: Ball
1-2: Foul Ball, location: 25F
1-2: Foul Ball, location: 5DF
1-2: Ground out 6-3 (Groundball, 6, EV 88.1 MPH)
Joe Lovitto scores
Batting: LHB Freddie Elliott 0-0: Ball
1-0: Ball
2-0: Ground out U3 (Groundball, 34S, EV 84.4 MPH)
Bottom of the 1st over - 1 run, 1 hit, 0 errors, 0 left on base; Castleton-on-Hudson 0 - Lakeland 1
TOP OF THE 2ND
Castleton-on-Hudson Turbines batting - Pitching for Lakeland Rustlers : LHP Patrick Tucker
Batting: LHB Corey Brooks 0-0: Ball
1-0: Fly out, F7 (Line Drive, 78S, EV 90.6 MPH)
Batting: RHB Roberto Alfonso 0-0: Ball
1-0: Called Strike
1-1: Called Strike
1-2: Strikes out looking
Batting: LHB Milt May 0-0: Called Strike
0-1: Swinging Strike
0-2: Strikes out swinging
Top of the 2nd over - 0 runs, 0 hits, 0 errors, 0 left on base; Castleton-on-Hudson 0 - Lakeland 1
BOTTOM OF THE 2ND
Lakeland Rustlers batting - Pitching for Castleton-on-Hudson Turbines : LHP Jorge Maldonado
Batting: RHB Oscar Jackson 0-0: Called Strike
0-1: Foul Ball, location: 23F
0-2: SINGLE (Line Drive, 9S, EV 87.5 MPH)
Batting: RHB Dick Sharon 0-0: Ball
1-0: Called Strike
1-1: Ball
2-1: Called Strike
2-2: Ball
3-2: Strikes out swinging
Batting: RHB Atsushi Aoyama 0-0: Foul Ball, location: 2F
0-1: Ball
1-1: Called Strike
1-2: Strikes out looking
Batting: RHB Jesse Meyer 0-0: Called Strike
0-1: Ball
1-1: Called Strike
1-2: Ball
2-2: Foul Ball, location: 9LDF
2-2: Foul Ball, location: 2F
2-2: Strikes out looking
Bottom of the 2nd over - 0 runs, 1 hit, 0 errors, 1 left on base; Castleton-on-Hudson 0 - Lakeland 1
TOP OF THE 3RD
Castleton-on-Hudson Turbines batting - Pitching for Lakeland Rustlers : LHP Patrick Tucker
Batting: RHB John Booker 0-0: Ground out 4-3 (Groundball, 4, EV 86.9 MPH)
Batting: LHB Paul Haynes 0-0: Swinging Strike
0-1: Ball
1-1: Ball
2-1: Ball
3-1: Fly out, F8 (Line Drive, 89M, EV 107.5 MPH)
Batting: RHB Howard Pennington 0-0: Swinging Strike
0-1: Fly out, F8 (Flyball, 8LD, EV 108.1 MPH)
Top of the 3rd over - 0 runs, 0 hits, 0 errors, 0 left on base; Castleton-on-Hudson 0 - Lakeland 1
BOTTOM OF THE 3RD
Lakeland Rustlers batting - Pitching for Castleton-on-Hudson Turbines : LHP Jorge Maldonado
Batting: RHB Rick Renick 0-0: Ball
1-0: Ball
2-0: Swinging Strike
2-1: Ball
3-1: Foul Ball, location: 5FF
3-2: Base on Balls
Batting: SHB Joe Lovitto 0-0: Bunted foul
0-1: Bunted foul
0-2: Ball
1-2: Foul Ball, location: 25FF
1-2: Grounds into double play, 6-4-3 (Groundball, 56, EV 106.9 MPH)
Batting: RHB Al Sullivan 0-0: Ball
1-0: Swinging Strike
1-1: Foul Ball, location: 3SF
1-2: Ground out 5-3 (Groundball, 5, EV 86.9 MPH)
Bottom of the 3rd over - 0 runs, 0 hits, 0 errors, 0 left on base; Castleton-on-Hudson 0 - Lakeland 1
TOP OF THE 4TH
Castleton-on-Hudson Turbines batting - Pitching for Lakeland Rustlers : LHP Patrick Tucker
Batting: RHB Fred Lynch 0-0: Foul Ball, location: 9LSF
0-1: Hit by Pitch
Batting: SHB Jimmy Rosario 0-0: Bunted foul
0-1: Bunted foul
0-2: Strikes out swinging
Batting: RHB Norberto Cruz 0-0: Ball
1-0: Ball
2-0: Called Strike
2-1: 2-RUN HOME RUN (Flyball, 78XD, EV 110.6 MPH), Distance : 418 ft
Batting: LHB Corey Brooks 0-0: SINGLE (Groundball, 4D, EV 106.3 MPH)
Batting: RHB Roberto Alfonso 0-0: Ball
1-0: Ball
2-0: Ball
Wild Pitch!
Corey Brooks to second
3-0: Base on Balls
Batting: LHB Milt May 0-0: Called Strike
0-1: Ball
1-1: Ball
2-1: Swinging Strike
2-2: Foul Ball, location: 2F
2-2: Grounds into double play, 1-6-3 (Groundball, 13, EV 68.1 MPH)
Top of the 4th over - 2 runs, 2 hits, 0 errors, 1 left on base; Castleton-on-Hudson 2 - Lakeland 1
BOTTOM OF THE 4TH
Lakeland Rustlers batting - Pitching for Castleton-on-Hudson Turbines : LHP Jorge Maldonado
Batting: RHB Steve Davidson 0-0: Fly out, F6 (Popup, 4MS, EV 73.1 MPH)
Batting: LHB Freddie Elliott 0-0: Called Strike
0-1: Fly out, F9 (Flyball, 89M, EV 91.3 MPH)
Batting: RHB Oscar Jackson 0-0: Ball
1-0: Swinging Strike
1-1: Ball
2-1: Swinging Strike
2-2: Ball
3-2: Foul Ball, location: 7LMF
3-2: Ground out 4-3 (Groundball, 4D, EV 105.0 MPH)
Bottom of the 4th over - 0 runs, 0 hits, 0 errors, 0 left on base; Castleton-on-Hudson 2 - Lakeland 1
TOP OF THE 5TH
Castleton-on-Hudson Turbines batting - Pitching for Lakeland Rustlers : LHP Patrick Tucker
Batting: RHB John Booker 0-0: Ball
1-0: Swinging Strike
1-1: Foul Ball, location: 25F
1-2: Strikes out swinging
Batting: LHB Paul Haynes 0-0: Called Strike
0-1: Foul Ball, location: 3F
0-2: SINGLE (Groundball, 3D, EV 98.8 MPH)
Batting: RHB Howard Pennington 0-0: Called Strike
0-1: Foul Ball, location: 7LSF
0-2: Ball
1-2: SINGLE (Flyball, 89S, EV 96.3 MPH)
Paul Haynes to second
Batting: RHB Fred Lynch 0-0: Ball
1-0: Ball
2-0: Ball
3-0: Called Strike
3-1: Fly out, F9 (Flyball, 9D, EV 105.0 MPH)
Runner from 2nd tags up, SAFE at 3rd, no throw by RF
Batting: SHB Jimmy Rosario 0-0: Ball
1-0: Called Strike
1-1: Foul Ball, location: 2F
1-2: Ball
2-2: Strikes out looking
Top of the 5th over - 0 runs, 2 hits, 0 errors, 2 left on base; Castleton-on-Hudson 2 - Lakeland 1
BOTTOM OF THE 5TH
Lakeland Rustlers batting - Pitching for Castleton-on-Hudson Turbines : LHP Jorge Maldonado
Batting: RHB Dick Sharon 0-0: Ball
1-0: Ball
2-0: Ball
3-0: Called Strike
3-1: Base on Balls
Batting: RHB Atsushi Aoyama 0-0: Ball
1-0: Sac Bunt to 13 - play at first, batter OUT! 1-3
Dick Sharon to second
Batting: RHB Jesse Meyer 0-0: Ball
1-0: Called Strike
1-1: Ball
2-1: Foul Ball, location: 2F
2-2: Ball
3-2: Base on Balls
Batting: RHB Rick Renick 0-0: Foul Ball, location: 2F
0-1: Swinging Strike
0-2: Strikes out looking
Batting: SHB Joe Lovitto 0-0: Ball
1-0: Called Strike
1-1: Ball
2-1: Fly out, F4 (Line Drive, 4, EV 64.4 MPH)
Bottom of the 5th over - 0 runs, 0 hits, 0 errors, 2 left on base; Castleton-on-Hudson 2 - Lakeland 1
TOP OF THE 6TH
Castleton-on-Hudson Turbines batting - Pitching for Lakeland Rustlers : LHP Patrick Tucker
Batting: RHB Norberto Cruz 0-0: Called Strike
0-1: Ball
1-1: Ball
2-1: Foul Ball, location: 2F
2-2: Fly out, F8 (Flyball, 8RD, EV 89.4 MPH)
Batting: LHB Corey Brooks 0-0: Ball
1-0: Ball
2-0: Foul Ball, location: 2F
2-1: Foul Ball, location: 7LSF
2-2: Ball
3-2: Fly out, F4 (Popup, 34S, EV 86.3 MPH)
Batting: RHB Roberto Alfonso 0-0: Ball
1-0: Foul Ball, location: 2F
1-1: Called Strike
1-2: Ball
2-2: Ball
3-2: Foul Ball, location: 7LDF
3-2: Foul Ball, location: 5DF
3-2: SINGLE (Flyball, 78M, EV 80.0 MPH)
Batting: LHB Milt May 0-0: Ball
1-0: Foul Ball, location: 7LDF
1-1: Ball
2-1: Ball
3-1: Fly out, F3 (Popup, 3F, EV 73.1 MPH)
Top of the 6th over - 0 runs, 1 hit, 0 errors, 1 left on base; Castleton-on-Hudson 2 - Lakeland 1
BOTTOM OF THE 6TH
Lakeland Rustlers batting - Pitching for Castleton-on-Hudson Turbines : LHP Jorge Maldonado
Batting: RHB Al Sullivan 0-0: Ball
1-0: Swinging Strike
1-1: Fly out, F8 (Flyball, 8RM, EV 86.9 MPH)
Batting: RHB Steve Davidson 0-0: Ball
1-0: Ball
2-0: Ball
3-0: Called Strike
3-1: Base on Balls
Batting: LHB Freddie Elliott 0-0: Ball
1-0: Called Strike
1-1: Foul Ball, location: 25F
1-2: Ball
2-2: SINGLE (Line Drive, 6M, EV 95.6 MPH)
Steve Davidson to second
Batting: RHB Oscar Jackson 0-0: Called Strike
0-1: Ball
1-1: Ball
2-1: Foul Ball, location: 2F
2-2: Fielders Choice at 2nd, 6-4 (Groundball, 56, EV 105.0 MPH)
Steve Davidson to third
Batting: RHB Dick Sharon 0-0: Called Strike
0-1: Foul Ball, location: 2F
0-2: SINGLE (Flyball, 8RS, EV 96.9 MPH)
Steve Davidson scores
Oscar Jackson to second
Runner from 2nd tries for 3rd, SAFE, throw by CF made to third
Batting: RHB Atsushi Aoyama 0-0: Called Strike
0-1: Ball
1-1: Ball
2-1: Foul Ball, location: 2F
2-2: Foul Ball, location: 9LDF
2-2: Foul Ball, location: 2F
2-2: Foul Ball, location: 2RF
2-2: Foul Ball, location: 2F
2-2: Ball
3-2: Strikes out looking
Bottom of the 6th over - 1 run, 2 hits, 0 errors, 2 left on base; Castleton-on-Hudson 2 - Lakeland 2
TOP OF THE 7TH
Castleton-on-Hudson Turbines batting - Pitching for Lakeland Rustlers : LHP Patrick Tucker
Batting: RHB John Booker 0-0: Fly out, F9 (Line Drive, 9S, EV 94.4 MPH)
Batting: LHB Paul Haynes 0-0: Called Strike
0-1: Foul Ball, location: 5F
0-2: Ball
1-2: Hit by Pitch
Batting: RHB Howard Pennington 0-0: Swinging Strike
0-1: Fly out, F9 (Flyball, 9, EV 85.0 MPH)
Batting: RHB Fred Lynch 0-0: Ball
1-0: Fly out, F8 (Flyball, 8RD, EV 108.8 MPH)
Top of the 7th over - 0 runs, 0 hits, 0 errors, 1 left on base; Castleton-on-Hudson 2 - Lakeland 2
BOTTOM OF THE 7TH
Lakeland Rustlers batting - Pitching for Castleton-on-Hudson Turbines : LHP Jorge Maldonado
Batting: RHB Jesse Meyer 0-0: Called Strike
0-1: Ball
1-1: Foul Ball, location: 3F
1-2: Ball
2-2: Ball
3-2: Strikes out swinging
Batting: RHB Rick Renick 0-0: Ball
1-0: Ball
2-0: Ball
3-0: Called Strike
3-1: Base on Balls
Batting: SHB Joe Lovitto 0-0: Ball
1-0: Ball
2-0: Swinging Strike
2-1: Ball
3-1: Base on Balls
Rick Renick to second
Pinch Runner at 2nd Ronald Lee:
Batting: RHB Al Sullivan 0-0: Ball
1-0: Ball
2-0: Called Strike
2-1: Ball
3-1: Base on Balls
Ronald Lee to third
Joe Lovitto to second
Batting: RHB Steve Davidson 0-0: Ball
1-0: Ball
2-0: Called Strike
2-1: Ball
3-1: Called Strike
3-2: Foul Ball, location: 7LMF
3-2: SINGLE (Groundball, 34D, EV 100.6 MPH)
Ronald Lee scores
Joe Lovitto to third
Al Sullivan to second
Runner from 3rd tries for Home, SAFE, throw by RF to home
Batting: LHB Freddie Elliott 0-0: Ball
1-0: Ball
2-0: Foul Ball, location: 23F
2-1: Foul Ball, location: 2F
2-2: Ball
3-2: Foul Ball, location: 5F
3-2: Foul Ball, location: 9LSF
3-2: SINGLE (Groundball, 34D, EV 95.0 MPH)
Al Sullivan to third
Steve Davidson to second
Runner from 3rd tries for Home, SAFE, throw by RF to home
Batting: RHB Oscar Jackson 0-0: Swinging Strike
0-1: Called Strike
0-2: Foul Ball, location: 2F
0-2: Strikes out swinging
Batting: RHB Dick Sharon 0-0: Called Strike
0-1: Fly out, F9 (Flyball, 9, EV 83.1 MPH)
Bottom of the 7th over - 3 runs, 2 hits, 0 errors, 2 left on base; Castleton-on-Hudson 2 - Lakeland 5
TOP OF THE 8TH
Castleton-on-Hudson Turbines batting - Pitching for Lakeland Rustlers : LHP Patrick Tucker
Now at 2B: Ronald Lee
Now at SS: Oscar Jackson
Batting: SHB Jimmy Rosario 0-0: Ball
1-0: Ball
2-0: Called Strike
2-1: Foul Ball, location: 2F
2-2: Ball
3-2: Foul Ball, location: 2F
3-2: TRIPLE (Flyball, 78XD, EV 108.1 MPH)
Batting: RHB Norberto Cruz 0-0: Called Strike
0-1: Called Strike
0-2: Ball
1-2: Reached on error, E4 (Groundball, 4, EV 101.3 MPH)
Jimmy Rosario scores
Batting: LHB Corey Brooks 0-0: Foul Ball, location: 7LSF
0-1: Foul Ball, location: 9LSFF
0-2: DOUBLE (Flyball, 89D, EV 108.1 MPH)
Norberto Cruz to third
Batting: RHB Roberto Alfonso 0-0: Ground out 5-3 (Groundball, 5, EV 83.8 MPH)
Batting: LHB Milt May 0-0: Ball
1-0: Ball
2-0: Ball
3-0: Called Strike
3-1: Foul Ball, location: 2F
3-2: Strikes out looking
Batting: RHB John Booker 0-0: Called Strike
0-1: Swinging Strike
0-2: Ground out 4-3 (Groundball, 4S, EV 93.1 MPH)
Top of the 8th over - 1 run, 2 hits, 1 error, 2 left on base; Castleton-on-Hudson 3 - Lakeland 5
BOTTOM OF THE 8TH
Lakeland Rustlers batting - Pitching for Castleton-on-Hudson Turbines : LHP Jorge Maldonado
Pitching: RHP Joseph Waters
Batting: RHB Atsushi Aoyama 0-0: Ball
1-0: Ball
2-0: SINGLE (Groundball, 4S, EV 68.8 MPH) (infield hit)
Batting: RHB Jesse Meyer 0-0: Sac Bunt to 13 - play at first, batter OUT! 1-3
Atsushi Aoyama to second
Batting: RHB Ronald Lee 0-0: Ball
1-0: Swinging Strike
1-1: Fly out, F9 (Flyball, 9S, EV 86.9 MPH)
Batting: SHB Joe Lovitto 0-0: Called Strike
0-1: Ball
1-1: Ball
2-1: Foul Ball, location: 5F
2-2: Ball
3-2: Fly out, F7 (Flyball, 7, EV 94.4 MPH)
Bottom of the 8th over - 0 runs, 1 hit, 0 errors, 1 left on base; Castleton-on-Hudson 3 - Lakeland 5
TOP OF THE 9TH
Castleton-on-Hudson Turbines batting - Pitching for Lakeland Rustlers : LHP Patrick Tucker
Pitching: RHP Edgardo Torres
Now at 1B: Shawn Wilson
Now in LF: Steve Givens
Now in RF: Randy Elliott
Batting: LHB Paul Haynes 0-0: Called Strike
0-1: Ball
1-1: Ball
2-1: Foul Ball, location: 2F
2-2: Ball
3-2: Ground out 4-3 (Groundball, 4, EV 99.4 MPH)
Pinch Hitting: RHB Luis González 0-0: Foul Ball, location: 23F
0-1: Ball
1-1: Ball
2-1: SINGLE (Line Drive, 9S, EV 103.1 MPH)
Batting: RHB Fred Lynch 0-0: Called Strike
0-1: Foul Ball, location: 25F
0-2: Fly out, F8 (Flyball, 78XD, EV 103.1 MPH)
Batting: SHB Jimmy Rosario 0-0: Foul Ball, location: 5SF
0-1: Called Strike
0-2: Ball
1-2: Ground out U3 (Groundball, 3, EV 86.9 MPH)
Top of the 9th over - 0 runs, 1 hit, 0 errors, 1 left on base; Castleton-on-Hudson 3 - Lakeland 5
Monday, April 29th , 2024 - OOTP Baseball 24.8 Build 75